 Dungeon Crawl Stone Soup version 0.26.0-5-gb5863c6483 (webtiles) character file.

Game seed: 4138805943536816487

15238 Descartes the Warrior (level 12, -4/99 HPs)
             Began as a Formicid Fighter on Jan 10, 2021.
             Was an Initiate of Gozag.
             Engulfed by a red draconian's flame (10 damage)
             ... in a volcano.
             The game lasted 00:25:56 (12911 turns).

Descartes the Warrior (Formicid Fighter)           Turns: 12911, Time: 00:25:58

Health: -4/99      AC: 20    Str: 21      XL:     12   Next: 55%
Magic:  12/12      EV: 10    Int: 14 (15) God:    Gozag
Gold:   2057       SH: 11    Dex:  9 (10) Spells: 11/11 levels left

rFire    + . .     SeeInvis +   A - +0 lajatang (vamp)
rCold    . . .     Faith    .   c - +0 kite shield
rNeg     . . .     Spirit   .   e - +3 chain mail {rF+}
rPois    +         Reflect  .   (helmet unavailable)
rElec    +         Harm     .   i - +2 cloak
rCorr    .         Rampage  .   B - +0 pair of gloves
Will     +....                  O - +0 pair of boots
Stlth    ..........             (no amulet)
HPRegen  0.26/turn              r - ring "Joony" {rElec Int+2 Stlth+}
MPRegen  0.13/turn              C - ring of poison resistance

@: no status effects
A: permanent stasis, dig shafts and tunnels, four strong arms, antennae 3, fangs
1, deterioration 1, frail 1, screaming 1
a: Dig, Renounce Religion, Potion Petition, Call Merchant, Bribe Branch


You were in a volcano.
You worshipped Gozag.
Gozag was most pleased with you.
You visited 3 branches of the dungeon, and saw 12 of its levels.
You also visited: Volcano.

You collected 2145 gold pieces.
You spent 22 gold pieces at shops.
You paid 66 gold pieces to Gozag.

Inventory:

Hand Weapons
 a - a +0 battleaxe of flaming
 y - a +3 trident of venom
 A - a +0 vampiric lajatang (weapon)
Missiles
 f - 2 boomerangs of dispersal (quivered)
 l - 143 arrows
 z - 18 poisoned darts
 N - 5 atropa-tipped darts
 P - a throwing net
Armour
 b - +0 steam dragon scales
 c - a +0 kite shield (worn)
 e - a +3 chain mail of fire resistance (worn)
 i - a +2 cloak (worn)
 p - a +0 plate armour
 B - a +0 pair of gloves (worn)
 L - the +5 ring mail of the Modern Lives {rC+ Int-4 Dex+5}
   (You found it on level 8 of the Dungeon)

   It affects your intelligence (-4).
   It affects your dexterity (+5).
   It protects you from cold.
 O - a +0 pair of boots (worn)
Jewellery
 n - a +6 ring of dexterity
 r - the ring "Joony" (left hand) {rElec Int+2 Stlth+}
   (You found it on level 3 of the Lair of Beasts)

   [ring of stealth]

   It affects your intelligence (+2).
   It insulates you from electricity.
   It makes you more stealthy.
 C - a ring of poison resistance (right hand)
 E - an uncursed ring of resist corrosion
Wands
 h - a wand of digging (6)
 m - a wand of disintegration (15)
 x - a wand of enslavement (9)
 J - a wand of random effects (31)
 K - a wand of acid (26)
Scrolls
 g - 7 scrolls of amnesia
 k - 7 scrolls of remove curse
 v - 2 scrolls of fear
 D - a scroll of immolation
 G - a scroll of identify
 H - a scroll of holy word
 I - 2 scrolls of fog
 R - a scroll of summoning
Potions
 d - a potion of might
 q - a potion of attraction
 s - a potion of lignification
 w - a potion of curing
 M - a potion of flight
 Q - a potion of magic


   Skills:
 + Level 15.3 Fighting
 - Level 2.0 Long Blades
 - Level 3.0(3.3) Polearms
 - Level 2.2(3.0) Staves
 - Level 10.0 Armour
 - Level 5.0 Dodging
 - Level 9.0 Shields
 - Level 3.0 Evocations


You had 11 spell levels left.
You didn't know any spells.
Your spell library contained the following spells:

 Spells                   Type           Power        Failure   Level
 Corona                   Hex            0%           88%         1
 Magic Dart               Conj           0%           88%         1
 Call Imp                 Summ           0%           96%         2
 Ensorcelled Hibernation  Hex/Ice        0%           96%         2
 Slow                     Hex            0%           96%         2
 Confusing Touch          Hex            0%           99%         3
 Conjure Flame            Conj/Fire      0%           99%         3
 Dazzling Flash           Conj/Hex       0%           99%         3
 Mephitic Cloud           Conj/Pois/Air  0%           99%         3
 Tukima's Dance           Hex            0%           99%         3
 Blink                    Tloc           Unusable     N/A         2

Dungeon Overview and Level Annotations

Branches:
Dungeon (8/15)             Temple (1/1) D:7            Lair (3/6) D:8
  Swamp (0/4) Lair:2       Spider (0/4) Lair:3      Volcano (1/1)

Altars:
Ashenzari
Cheibriados
Dithmenos
Elyvilon
Fedhas
Gozag
Hepliaklqana
Kikubaaqudgha
Makhleb
Nemelex Xobeh
Okawaru
Qazlal
Sif Muna
Trog
Uskayaw
Vehumet
Wu Jian
Xom
Yredelemnul
Zin

Shops:
D:4 *


Innate Abilities, Weirdness & Mutations

You cannot be hasted, slowed, berserked, paralysed or teleported.
You can dig through walls and to a lower floor.
Your four strong arms can wield two-handed weapons with a shield.
You have a pair of large antennae on your head. (SInv)
You have very sharp teeth.
Your body sometimes deteriorates upon taking damage.
You are frail. (-10% HP)
You occasionally shout uncontrollably at your foes.


Message History

The searing blast hits you. You resist.
The red draconian hits you with a +2 flail of flaming.
* * * LOW HITPOINT WARNING * * *
You closely miss the red draconian. Your bite misses the red draconian.
The red draconian is severely wounded.
You are engulfed in blazing flames.
You resist.
* * * LOW HITPOINT WARNING * * *
Your body deteriorates!
You feel clumsy. The red draconian breathes fire at you.
The searing blast hits you! You resist.
* * * LOW HITPOINT WARNING * * *
You extend your mandibles.
Unknown command.
Aiming: Enslavement
Press: ? - help, Shift-Dir - straight line, f - red draconian
Aim: a red draconian, wielding a +2 flail of flaming and wearing a +0 cloak (severely wounded, catching its breath, chance to affect: 37%)
The red draconian easily resists.
You are engulfed in blazing flames.
You resist.
You die...
Your body crumbles into a pile of gold.

##§☼☼≈###
§§§≈≈≈§## #
§≈≈≈≈≈≈≈### #
#§!).≈≈≈≈≈##
$.$[≈≈≈≈≈§#
.!.≈§≈≈☼##
#d.≈≈§☼☼# #@≈##
#########
##..######..§.....
###........≈§≈§§≈
###.....≈§§≈≈≈§
##...≈≈≈§§§≈§
#....≈≈§≈§§§
##...≈≈§≈§≈§
##...≈§§§≈§
##...≈§§≈.


You could see a red draconian (catching breath).

Vanquished Creatures
  Gastronok (Lair:2)
  A hydra (Lair:2)
  A centaur warrior (Volcano)
  An unseen horror (D:8)
  The ghost of kthxbai the Destroyer, a novice DECj of Vehumet (Lair:1)
  2 black mambas
  2 cane toads (Lair:1)
  Maggie (Lair:1)
  A rime drake (Lair:1)
  7 komodo dragons
  A hornet (D:8)
  3 blink frogs (Lair:2)
  Sigmund (D:3)
  8 yaks (Lair:3)
  2 wyverns
  3 basilisks (Lair:1)
  5 vampire mosquitoes (Lair:2)
  2 water moccasins (Lair:2)
  An orc warrior (D:7)
  6 sky beasts
  2 black bears
  5 ogres
  3 centaurs (Volcano)
  2 big kobolds (D:7)
  Blork the orc (D:4)
  7 bullfrogs
  A scorpion (D:8)
  10 killer bees (Lair:3)
  5 wights (D:8)
  5 howler monkeys (D:8)
  An electric eel (Lair:2)
  2 bullfrog zombies
  4 bullfrog skeletons
  3 orc priests
  A jelly (D:6)
  A gnoll shaman (D:7)
  6 hounds
  2 orc wizards
  8 iguanas
  8 worker ants
  4 hound skeletons
  A worker ant zombie (D:6)
  9 adders
  3 gnolls (D:7)
  A howler monkey skeleton (D:6)
  2 shadow imps
  2 white imps
  An ufetubus (D:8)
  An adder skeleton (D:8)
  4 worms
  4 dart slugs
  3 leopard geckos
  13 orcs
  8 bats
  7 giant cockroaches
  6 goblins
  9 hobgoblins
  8 jackals
  3 quokkas
  A frilled lizard (D:4)
  A jackal skeleton (D:4)
  15 kobolds
  A quokka skeleton (D:6)
  6 rats
240 creatures vanquished.

Vanquished Creatures (others)
  3 fungi (Lair:2)
  9 plants
  2 withered plants (Lair:1)
14 creatures vanquished.

Grand Total: 254 creatures vanquished

Notes
Turn   | Place    | Note
-------+----------+-------------------------------------------
     0 | D:1      | Descartes the Formicid Fighter began the quest for the Orb.
     0 | D:1      | Reached XP level 1. HP: 18/18 MP: 1/1
   164 | D:1      | Reached XP level 2. HP: 24/24 MP: 2/2
   507 | D:1      | Reached XP level 3. HP: 26/29 MP: 3/3
   903 | D:2      | Reached skill level 5 in Shields
   945 | D:2      | Found a shadowy altar of Dithmenos.
  1630 | D:2      | Found a faded altar of an unknown god.
  1660 | D:2      | Reached XP level 4. HP: 35/35 MP: 4/4
  2014 | D:3      | Found a blossoming altar of Fedhas.
  2473 | D:3      | Noticed Sigmund
  2490 | D:3      | Reached XP level 5. HP: 29/41 MP: 5/5
  2493 | D:3      | Killed Sigmund
  2494 | D:3      | Reached XP level 6. HP: 27/47 MP: 6/6
  2969 | D:4      | Found Zihecs's General Store.
  2997 | D:4      | Bought a scroll of identify for 22 gold pieces
  3132 | D:4      | Found a basalt altar of Yredelemnul.
  3417 | D:4      | Reached XP level 7. HP: 52/52 MP: 7/7
  3525 | D:4      | Found an opulent altar of Gozag.
  3531 | D:4      | Became a worshipper of Gozag Ym Sagoz the Greedy
  3555 | D:4      | Found a glowing silver altar of Zin.
  3737 | D:4      | Noticed Blork the orc
  3746 | D:4      | Killed Blork the orc
  3747 | D:4      | Reached skill level 1 in Evocations
  4170 | D:5      | Entered Level 5 of the Dungeon
  4200 | D:5      | Found an ancient bone altar of Kikubaaqudgha.
  4209 | D:5      | Reached skill level 4 in Fighting
  4595 | D:5      | Found a stormy altar of Qazlal.
  4763 | D:5      | Found a bloodstained altar of Trog.
  4946 | D:6      | Reached skill level 5 in Fighting
  4946 | D:6      | Reached XP level 8. HP: 39/62 MP: 8/8
  5103 | D:6      | Reached skill level 6 in Fighting
  5343 | D:6      | Found a shimmering blue altar of Sif Muna.
  5518 | D:6      | Got a jewelled leather armour
  5529 | D:6      | Identified the +0 leather armour "Gojid" {Int+3 Dex+7} (You
                  | found it on level 6 of the Dungeon)
  5557 | D:6      | Reached skill level 7 in Fighting
  6046 | D:6      | Reached skill level 1 in Dodging
  6343 | D:7      | Reached XP level 9. HP: 72/72 MP: 9/9
  6368 | D:7      | Found a staircase to the Ecumenical Temple.
  6636 | D:7      | Reached skill level 8 in Fighting
  6716 | D:7      | Reached skill level 5 in Armour
  6800 | D:7      | Found a shimmering blue altar of Sif Muna.
  7333 | D:8      | Noticed a hornet
  7353 | D:8      | Killed a hornet
  7625 | D:8      | Reached skill level 9 in Fighting
  7689 | D:8      | Reached XP level 10. HP: 75/83 MP: 10/10
  7714 | D:8      | Found a hazy altar of Hepliaklqana.
  7777 | D:8      | Noticed an unseen horror
  7798 | D:8      | Killed an unseen horror
  7799 | D:8      | Reached skill level 5 in Dodging
  7819 | D:8      | Reached skill level 10 in Fighting
  7905 | D:8      | Got a brightly glowing ring mail
  7916 | D:8      | Identified the +5 ring mail of the Modern Lives {rC+ Int-4
                  | Dex+5} (You found it on level 8 of the Dungeon)
  8338 | Temple   | Entered the Ecumenical Temple
  8640 | D:8      | Found a sparkling altar of Nemelex Xobeh.
  8788 | D:8      | Found a staircase to the Lair.
  8792 | Lair:1   | Entered Level 1 of the Lair of Beasts
  8810 | Lair:1   | Noticed Maggie
  8820 | Lair:1   | Killed Maggie
  8821 | Lair:1   | Reached skill level 1 in Polearms
  8985 | Lair:1   | Found a runed translucent door.
  8986 | Lair:1   | Noticed kthxbai's ghost (novice DECj)
  8994 | Lair:1   | Noticed a komodo dragon
  9006 | Lair:1   | Killed a komodo dragon
  9195 | Lair:1   | Noticed a komodo dragon
  9252 | D:8      | Killed a komodo dragon
  9567 | Lair:1   | Noticed a komodo dragon
  9590 | D:8      | Killed a komodo dragon
  9789 | Lair:1   | Noticed a cane toad
  9797 | Lair:1   | Killed a cane toad
  9798 | Lair:1   | Reached XP level 11. HP: 81/92 MP: 11/11
  9874 | Lair:1   | Reached skill level 11 in Fighting
 10223 | Lair:1   | Reached skill level 1 in Staves
 10692 | Lair:1   | Killed kthxbai's ghost
 10693 | Lair:1   | Reached skill level 10 in Armour
 10788 | Lair:1   | HP: 2/95 [black mamba (15)]
 10795 | Lair:1   | Reached skill level 12 in Fighting
 11420 | Lair:2   | Noticed Gastronok
 11436 | Lair:2   | Killed Gastronok
 11437 | Lair:2   | Reached skill level 13 in Fighting
 11529 | Lair:2   | Gained mutation: Your body sometimes deteriorates upon
                  | taking damage. [potion of mutation]
 11529 | Lair:2   | Gained mutation: You occasionally shout uncontrollably at
                  | your foes. [potion of mutation]
 11529 | Lair:2   | Gained mutation: You are frail. (-10% HP) [potion of
                  | mutation]
 11529 | Lair:2   | Gained mutation: You have very sharp teeth. [potion of
                  | mutation]
 11533 | Lair:2   | Reached XP level 12. HP: 90/94 MP: 12/12
 11551 | Lair:2   | Found a staircase to the Swamp.
 12103 | Lair:2   | Reached skill level 14 in Fighting
 12269 | Lair:2   | Noticed a seven-headed hydra
 12279 | Lair:2   | Killed a seven-headed hydra
 12515 | Lair:3   | Got a vibrating copper ring
 12520 | Lair:3   | Identified the ring "Joony" {rElec Int+2 Stlth+} (You found
                  | it on level 3 of the Lair of Beasts)
 12668 | Lair:3   | Reached skill level 15 in Fighting
 12686 | Lair:3   | Found a dark tunnel.
 12700 | Volcano  | Entered a volcano
 12774 | Volcano  | Noticed a centaur warrior
 12789 | Volcano  | Killed a centaur warrior
 12881 | Volcano  | Noticed a red draconian
 12911 | Volcano  | Engulfed by a red draconian's flame

Illustrated notes

Levels and vault maps discovered:
D:1:      saegor_arrival_simple_d, layout_loops_corners
D:2:      layout_loops_ring, grunt_dithmenos_smoke,
          chequers_ecumenical_altar_simple, minmay_misc_feat_encased
D:3:      layout_basic, lemuel_round_altar, uniq_sigmund
D:4:      layout_basic, pdpol_temple_overflow_zin_treasury_gozag_greed,
          marbit_many_paths, serial_shops, nicolae_shop_waterfront,
          uniq_blork_the_orc
D:5:      layout_loops_ring, lemuel_coloured_pillars_altar, lemuel_doored_altar,
          trog_butcher_becter
D:6:      layout_layer_cave, lemuel_round_altar
D:7:      layout_loops_ring, minmay_temple_entry_tees, lemuel_blue_sif_altar
D:8:      layout_cave_pools, nzn_hepliaklqana_mist_gate, lair_entry_dummy,
          basic_altar
Temple:   minmay_temple_curvy_loop
Lair:1:   beast_lair_carwin_large_4, layout_regular_city, gammafunk_ghost_grave,
          minivault_19, infiniplex_staircase_pool_2, uniq_maggie
Lair:2:   layout_cave_pods, minmay_swamp_entry_swarm, infiniplex_staircase_pool,
          uniq_gastronok
Lair:3:   layout_roguey [special_room_bee], spider_nest_entry_funnel_web,
          enter_volcano_4
Volcano:  volcano_pools

Skill      XL: |  1  2  3  4  5  6  7  8  9 10 11 12 |
---------------+-------------------------------------+-----
Shields        | 4 5 6 8 9 |  9.0
Evocations     | 3 |  3.0
Fighting       | 5 7 9 10 13 15 | 15.3
Dodging        | 2 4 5 |  5.0
Armour         | 4 6 8 10 | 10.0
Polearms       | 3 |  3.0
Staves         | 2 |  2.2
Long Blades    | |  2.0

Action                   |  1- 3 |  4- 6 |  7- 9 | 10-12 || total
-------------------------+-------+-------+-------+-------++-------
Melee: Long sword        |    89 |    58 |       |       ||   147
       Scimitar          |       |    67 |    27 |       ||    94
       Lajatang          |       |       |   367 |   475 ||   842
       Trident           |       |       |    13 |     4 ||    17
       Bite              |       |       |       |    31 ||    31
 Abil: Dig               |     1 |     1 |     3 |    11 ||    16
Evoke: Wand              |       |       |       |     7 ||     7
  Use: Scroll            |       |    10 |     4 |     5 ||    19
       Potion            |       |       |       |     5 ||     5
 Stab: Distracted        |       |       |       |     3 ||     3
Armor: Scale mail        |    30 |       |       |       ||    30
       Plate armour      |     1 |    76 |   223 |    47 ||   347
       Ring mail         |       |       |       |   168 ||   168
       Chain mail        |       |       |       |     5 ||     5
Dodge: Dodged            |    21 |    27 |   117 |   246 ||   411
Block: Kite shield       |    50 |    75 |   288 |   350 ||   763
       Rpst.: Long sword |     3 |     3 |       |       ||     6
       Scimitar          |       |     6 |     1 |       ||     7
